 Dungeon Crawl Stone Soup version 0.23.2-40-g277498a001 (webtiles) character file.

Game seed: 1766444185113011214

681 Exodus22XD the Caller (level 7, 0/36 HPs)
             Began as a Deep Elf Wizard on Sept 15, 2019.
             Was an Initiate of Vehumet.
             Killed from afar by an orc wizard (6 damage)
             ... with a magic dart
             ... on level 5 of the Dungeon.
             The game lasted 00:16:40 (5132 turns).

Exodus22XD the Caller (Deep Elf Wizard)             Turns: 5132, Time: 00:16:41

Health: 0/36       AC:  3    Str:  4    XL:     7   Next: 34%
Magic:  1/15       EV: 13    Int: 25    God:    Vehumet [......]
Gold:   203        SH:  0    Dex: 13    Spells: 3/14 levels left

rFire    . . .     SeeInvis .   n - +0 dagger
rCold    . . .     Gourm    .   (no shield)
rNeg     . . .     Faith    .   a - +0 robe
rPois    .         Spirit   .   b - +0 hat
rElec    .         Reflect  .   e - +0 cloak
rCorr    .         Harm     .   (no gloves)
MR       .....                  (no boots)
Stlth    ++........             (no amulet)
HPRegen  0.12/turn              (no ring)
MPRegen  0.14/turn              (no ring)

@: about to teleport, very slightly contaminated
A: no striking features
a: Renounce Religion


You were on level 5 of the Dungeon.
You worshipped Vehumet.
Vehumet was noncommittal.
You were not hungry.

You visited 2 branches of the dungeon, and saw 6 of its levels.

You collected 203 gold pieces.

Inventory:

Hand Weapons
 n - a +0 dagger (weapon)
Armour
 a - a +0 robe (worn)
 b - a +0 hat (worn)
 e - a +0 cloak (worn)
 y - the +8 scale mail of Subjectivity {rF+ rC- Str+2 Dex+3}
   (You found it on level 4 of the Dungeon)

   It affects your strength (+2).
   It affects your dexterity (+3).
   It protects you from fire.
   It makes you vulnerable to cold.
Jewellery
 z - an uncursed ring of protection from cold {unknown}
Scrolls
 c - 2 scrolls of remove curse
 f - a scroll of immolation {unknown}
 g - a scroll of blinking {unknown}
 j - a scroll of fog {unknown}
 k - a scroll of fear {unknown}
 m - a scroll of teleportation
 q - 2 scrolls of amnesia
 r - 2 scrolls of identify {unknown}
 A - a scroll of enchant armour {unknown}
 B - a scroll of enchant weapon {unknown}
 C - a scroll of magic mapping {unknown}
Potions
 h - a potion of magic {unknown}
 i - a potion of cancellation {unknown}
 l - 3 potions of curing {unknown}
 o - a potion of lignification {unknown}
 p - 2 potions of degeneration {unknown}
 s - a potion of might {unknown}
 t - a potion of resistance {unknown}
 u - a potion of berserk rage {unknown}
 v - a potion of haste {unknown}
 w - a potion of heal wounds {unknown}
 x - a potion of flight {unknown}
Comestibles
 d - 6 rations


   Skills:
 - Level 2.4 Dodging
 - Level 2.4 Stealth
 - Level 4.4 Spellcasting
 - Level 4.7 Conjurations
 - Level 5.4 Summonings
 - Level 1.1 Translocations
 * Level 4.8 Fire Magic


You had 3 spell levels left.
You knew the following spells:

 Your Spells              Type           Power        Failure   Level  Hunger
a - Magic Dart            Conj           ####         1%          1    None
b - Call Imp              Summ           ####....     1%          2    None
c - Blink                 Tloc           N/A          9%          2    None
d - Conjure Flame         Conj/Fire      ####....     3%          3    ##.....
e - Mephitic Cloud        Conj/Pois/Air  ##......     14%         3    ##.....

Your spell library contained the following spells:

 Spells                   Type           Power        Failure   Level  Hunger
 Slow                     Hex            #.......     13%         2    None


Dungeon Overview and Level Annotations

Branches:
Dungeon (5/15)             Temple (1/1) D:5

Altars:
Gozag
Makhleb
Qazlal
Sif Muna
Trog
Vehumet
Wu Jian
Xom
The Shining One

Annotations:
D:3 Sigmund


Message History

The orc wizard hits you with a +0 dagger.
The orc wizard gestures at you while chanting.
The puff of flame misses you.
The orc wizard gestures at you while chanting.
The magic dart hits you!
Casting: Blink (safe; 9% risk of failure)
Confirm with . or Enter, or press ? or * to list all spells.
You blink.
The orc wizard casts a cantrip, but nothing happens.
The orc wizard misses you.
The orc wizard gestures at you while chanting.
The puff of flame hits you!
* * * LOW HITPOINT WARNING * * *
The orc wizard gestures at you while chanting.
The puff of flame misses you.
As you read the scroll of teleportation, it crumbles to dust.
You feel strangely unstable. The orc wizard casts a spell at you.
The magic dart hits you.
You die...

#.8...8..# #......
.....#888#..# #......
####....#.### #......
#....#.##########.o....
#....#....#.......<....
#................o.....
#.......).#.#####......
####.....##.# #......
####..@..##.# #......
.........o.#.# #......
...........#.#####.#####
.....#####.........!...
..... #..#...##.###.
.... #......# ...
#.#....# .## #........
#....####


You could see an orc wizard.

Vanquished Creatures
  3 ogres (D:4)
  A scorpion (D:5)
  2 killer bees (D:4)
  A bullfrog skeleton (D:4)
  An orc wizard (D:2)
  An iguana (D:4)
  A worker ant (D:4)
  8 adders
  A howler monkey skeleton (D:4)
  A shadow imp (D:5)
  An adder skeleton (D:4)
  A worm (D:2)
  A dart slug (D:1)
  2 leopard geckos
  5 orcs
  A ball python (D:1)
  2 giant cockroaches (D:1)
  6 goblins
  4 hobgoblins
  4 kobolds
  4 quokkas
  6 bats
  4 frilled lizards
  A leopard gecko skeleton (D:4)
  8 rats
70 creatures vanquished.

Vanquished Creatures (collateral kills)
  A killer bee (D:4)
  An orc priest (D:4)
2 creatures vanquished.

Grand Total: 72 creatures vanquished

Notes
Turn   | Place    | Note
-------+----------+-------------------------------------------
     0 | D:1      | Exodus22XD the Deep Elf Wizard began the quest for the Orb.
     0 | D:1      | Reached XP level 1. HP: 10/10 MP: 7/7
   492 | D:1      | Reached XP level 2. HP: 15/15 MP: 6/9
  1099 | D:2      | Reached XP level 3. HP: 19/19 MP: 6/10
  2119 | D:2      | Reached XP level 4. HP: 7/24 MP: 0/12
  2124 | D:2      | Learned a level 2 spell: Call Imp
  2127 | D:2      | Learned a level 2 spell: Blink
  2131 | D:2      | Learned a level 3 spell: Conjure Flame
  2135 | D:2      | Learned a level 3 spell: Mephitic Cloud
  2474 | D:3      | Found an opulent altar of Gozag.
  2564 | D:3      | Found an ornate altar of the Wu Jian Council.
  2583 | D:3      | Reached skill level 2 in Summonings
  2648 | D:3      | Noticed Sigmund
  3345 | D:4      | Reached XP level 5. HP: 28/28 MP: 0/13
  3345 | D:4      | Reached skill level 3 in Summonings
  3447 | D:4      | Reached skill level 4 in Summonings
  3576 | D:4      | Reached XP level 6. HP: 27/32 MP: 7/14
  3750 | D:4      | Reached skill level 5 in Summonings
  3906 | D:4      | Got a pitted scale mail
  3926 | D:4      | Identified the +8 scale mail of Subjectivity {rF+ rC- Str+2
                  | Dex+3} (You found it on level 4 of the Dungeon)
  4501 | D:4      | Reached XP level 7. HP: 36/36 MP: 0/15
  5002 | D:5      | Entered Level 5 of the Dungeon
  5033 | D:5      | Found a staircase to the Ecumenical Temple.
  5044 | Temple   | Entered the Ecumenical Temple
  5060 | Temple   | Became a worshipper of Vehumet
  5132 | D:5      | Killed from afar by an orc wizard

Skill      XL: |  1  2  3  4  5  6  7 |
---------------+----------------------+-----
Conjurations   | 2 3 4 |  4.7
Summonings     | 2 4 5 |  5.4
Fire Magic     | 3 4 |  4.8
Dodging        | |  2.4
Stealth        | |  2.4
Spellcasting   | |  4.4
Translocations | |  1.1

Action                   |  1- 3 |  4- 6 |  7- 9 || total
-------------------------+-------+-------+-------++-------
Melee: Dagger            |       |       |     3 ||     3
 Cast: Magic Dart        |    88 |    55 |    34 ||   177
       Conjure Flame     |       |    12 |     5 ||    17
       Mephitic Cloud    |       |     9 |       ||     9
       Blink             |       |     1 |     1 ||     2
  Use: Scroll            |       |     2 |     2 ||     4
  Eat: Chunk             |     3 |     7 |       ||    10
       Ration            |       |       |     1 ||     1
Armor: Robe              |     8 |     2 |       ||    10
Dodge: Dodged            |    22 |     9 |     6 ||    37
